 Dungeon Crawl Stone Soup version 0.26.0-10-g1f06aea511 (webtiles) character file.

Game seed: 5382538035652738693

886 MisterFreud the Destroyer (level 7, 0/46 HPs)
             Began as a Demonspawn Conjurer on Jan 30, 2021.
             Slain by an orc priest
             ... wielding a +0 club
              (4 damage)
             ... on level 5 of the Dungeon.
             The game lasted 00:10:10 (6034 turns).

MisterFreud the Destroyer (Demonspawn Conjurer)     Turns: 6034, Time: 00:10:11

Health: 0/46       AC:  5    Str:  8    XL:     7   Next: 76%
Magic:  13/13      EV: 12    Int: 21    God:
Gold:   309        SH:  0    Dex: 11    Spells: 9/14 levels left

rFire    . . .     SeeInvis .   v - +1 dagger (vamp)
rCold    . . .     Faith    .   (no shield)
rNeg     . . .     Spirit   .   a - +0 robe
rPois    .         Reflect  .   w - +0 helmet
rElec    .         Harm     .   (no cloak)
rCorr    .         Rampage  .   (no gloves)
Will     .....                  (no boots)
Stlth    +.........             (no amulet)
HPRegen  0.15/turn              o - ring of attention (curse)
MPRegen  0.13/turn              (no ring)

@: no status effects
A: molten scales 1, demonic guardian 1, powered by pain 1
a: no special abilities


You were on level 5 of the Dungeon.
You visited 1 branch of the dungeon, and saw 5 of its levels.

You collected 309 gold pieces.

Inventory:

Hand Weapons
 b - a +0 club
 h - a +0 spear
 m - a +0 short sword
 v - a +1 vampiric dagger (weapon)
Missiles
 l - 3 javelins
 t - 6 curare-tipped darts
 y - 2 boomerangs
Armour
 a - a +0 robe (worn)
 w - a +0 helmet (worn)
Jewellery
 o - a cursed ring of attention (left hand)
Wands
 D - a wand of iceblast (11)
Scrolls
 c - 2 scrolls of amnesia {unknown}
 d - 2 scrolls of fear {unknown}
 j - 3 scrolls of identify {unknown}
 n - a scroll of blinking {unknown}
 r - 2 scrolls of random uselessness {unknown}
 s - 2 scrolls of teleportation {unknown}
 u - 3 scrolls of remove curse {unknown}
 B - 2 scrolls of enchant armour {unknown}
 C - a scroll of fog {unknown}
 E - a scroll of noise {unknown}
Potions
 e - 2 potions of curing
 f - a potion of resistance
 g - 2 potions of attraction {unknown}
 i - 2 potions of brilliance {unknown}
 k - 2 potions of haste {unknown}
 p - a potion of flight {unknown}
 q - a potion of heal wounds {unknown}
 x - a potion of cancellation {unknown}
 z - a potion of berserk rage {unknown}
 A - a potion of might {unknown}


   Skills:
 - Level 1.7 Dodging
 - Level 1.7 Stealth
 - Level 4.0 Spellcasting
 - Level 8.0 Conjurations
 + Level 3.8 Hexes


You had 9 spell levels left.
You knew the following spells:

 Your Spells              Type           Power        Failure   Level
a - Magic Dart            Conj           100%         1%          1
b - Fulminant Prism       Conj/Hex       14%          11%         4

Your spell library contained the following spells:

 Spells                   Type           Power        Failure   Level
 Searing Ray              Conj           74%          1%          2
 Corona                   Hex            22%          2%          1
 Dazzling Flash           Conj/Hex       58%          3%          3
 Animate Skeleton         Necr           8%           12%         1
 Apportation              Tloc           8%           12%         1
 Summon Small Mammal      Summ           16%          12%         1
 Iskenderun's Mystic Bla  Conj/Tloc      21%          22%         4


Dungeon Overview and Level Annotations

Branches:
Dungeon (5/15)
 Temple: D:4-7

Altars:
Qazlal


Innate Abilities, Weirdness & Mutations

You are partially covered in molten scales. (AC +2)
A weak demonic guardian rushes to your aid.
You sometimes gain a little power by taking damage.


Message History

The orc hits you.
* * * LOW HITPOINT WARNING * * *
You barely miss the orc.
The orc priest barely misses your iron imp.
The orc completely misses you.
Your iron imp closely misses the orc priest.
You closely miss the orc.
The orc priest hits your iron imp with a +0 club.
The orc hits you but does no damage.
Your iron imp hits the orc priest!
You hit the orc.
The orc is severely wounded.
The orc hits you but does no damage.
The orc priest hits your iron imp with a +0 club.
Your iron imp hits the orc priest.
You hit the orc.
You kill the orc!
Your ufetubus disappears in a puff of smoke!
The orc priest hits your iron imp but does no damage.
You swap places.
The orc priest hits you with a +0 club.
You die...

####..........##
#............##
##....###...##
#.##.####..#
#.##..####.###
#.#..#.).#...#
###)###)..###
###†5# ##5.#
#..@## #.##
###o#####.#
##..##..#
#....##..#
#.#..# #..#
#.##..# #... #.#
#..# .... ...
#..# ... ###
#..# ..


You could see an orc priest and a friendly iron imp (summoned).

Vanquished Creatures
  An ogre (D:5)
  A scorpion (D:5)
  A bullfrog skeleton (D:5)
  3 hounds
  A worker ant (D:3)
  2 worker ant zombies
  4 gnolls
  7 adders
  A shadow imp (D:5)
  An ooze (D:2)
  An adder skeleton (D:5)
  A dart slug (D:1)
  4 leopard geckos
  19 orcs
  7 giant cockroaches
  10 goblins
  14 hobgoblins
  2 jackals (D:3)
  6 kobolds
  3 quokkas
  A ball python (D:2)
  7 bats
  5 frilled lizards
  4 rats
106 creatures vanquished.

Vanquished Creatures (collateral kills)
  Grinder (D:5)
  An ogre (D:5)
  A centaur (D:5)
  A howler monkey (D:4)
  A worker ant (D:4)
  An orc wizard (D:5)
  2 adders
  An orc (D:5)
9 creatures vanquished.

Vanquished Creatures (others)
  A fulminant prism (D:5)
1 creature vanquished.

Grand Total: 116 creatures vanquished

Notes
Turn   | Place    | Note
-------+----------+-------------------------------------------
     0 | D:1      | MisterFreud the Demonspawn Conjurer began the quest for the
                  | Orb.
     0 | D:1      | Reached XP level 1. HP: 13/13 MP: 3/3
   368 | D:1      | Gained mutation: You sometimes gain a little power by
                  | taking damage. [demonic ancestry]
   368 | D:1      | Reached XP level 2. HP: 8/19 MP: 1/5
  1649 | D:2      | Reached skill level 5 in Conjurations
  1651 | D:2      | Reached XP level 3. HP: 22/24 MP: 1/6
  1997 | D:2      | Reached XP level 4. HP: 16/30 MP: 0/7
  2280 | D:2      | Reached skill level 6 in Conjurations
  3109 | D:3      | Gained mutation: You are partially covered in molten
                  | scales. (AC +2) [demonic ancestry]
  3109 | D:3      | Reached XP level 5. HP: 35/35 MP: 5/8
  3566 | D:3      | Found a stormy altar of Qazlal.
  3928 | D:3      | Reached skill level 7 in Conjurations
  4546 | D:4      | Gained mutation: A weak demonic guardian rushes to your
                  | aid. [demonic ancestry]
  4546 | D:4      | Reached XP level 6. HP: 29/41 MP: 5/9
  4582 | D:4      | Noticed an ice beast
  4881 | D:5      | Entered Level 5 of the Dungeon
  4998 | D:5      | Learned a level 4 spell: Fulminant Prism
  5040 | D:5      | Reached skill level 8 in Conjurations
  5180 | D:5      | Reached skill level 1 in Hexes
  5182 | D:5      | Reached XP level 7. HP: 46/46 MP: 2/11
  5588 | D:5      | Noticed Grinder
  5589 | D:5      | Paralysed by Grinder for 6 turns
  5602 | D:5      | Paralysed by Grinder for 4 turns
  5604 | D:5      | Killed Grinder
  6010 | D:5      | HP: 2/46 [orc priest/divine providence (12)]
  6034 | D:5      | Slain by an orc priest

Illustrated notes

Levels and vault maps discovered:
D:1:      dpeg_arrival_subterranean_lakeside_camping, layout_basic,
          item_on_display_a
D:2:      layout_rooms, minmay_tromino_v4_b
D:3:      layout_basic, nicolae_overflow_crystal_walls, minmay_liquid_box,
          hangedman_abyss_or_decor_stabs, guppyfry_early_orc_mine
D:4:      layout_rooms, minmay_temple_entry_junction
D:5:      layout_layer_cave, uniq_grinder

Skill      XL: |  1  2  3  4  5  6  7 |
---------------+----------------------+-----
Conjurations   | 5 6 7 8 |  8.0
Hexes          | 1 3 |  3.8
Spellcasting   | 4 |  4.0
Dodging        | |  1.7
Stealth        | |  1.7

Action                   |  1- 3 |  4- 6 |  7- 9 || total
-------------------------+-------+-------+-------++-------
Melee: Spear             |    26 |       |       ||    26
       Club              |     8 |       |       ||     8
       Short sword       |     5 |    22 |       ||    27
       Dagger            |       |    92 |    53 ||   145
Throw: Dart              |     1 |     5 |       ||     6
 Cast: Magic Dart        |    70 |   143 |    30 ||   243
       Fulminant Prism   |       |       |     1 ||     1
  Use: Potion            |       |     1 |       ||     1
 Stab: Sleeping          |     1 |       |       ||     1
       Distracted        |       |     1 |       ||     1
Armor: Robe              |    17 |    38 |    16 ||    71
Dodge: Dodged            |    42 |    86 |    26 ||   154
